 Dungeon Crawl Stone Soup version 0.30-a0-824-g6c64550be9 (webtiles) character file.

Game seed: 12107431592035559896

170 cforsyth the Sneak (level 5, 0/32 HPs)
             Began as a Kobold Brigand on Feb 27, 2023.
             Succumbed to a scorpion's poison
             ... on level 3 of the Dungeon.
             The game lasted 00:02:20 (2037 turns).

cforsyth the Sneak (Kobold Brigand)                 Turns: 2037, Time: 00:02:20

Health: 0/32       AC:  3    Str:  8    XL:     5   Next: 80%
Magic:  5/5        EV: 16    Int: 12    God:
Gold:   97         SH:  0    Dex: 19    Spells: 4/4 levels left

rFire   . . .      SeeInvis .    m - +0 short sword (freeze)
rCold   . . .      Faith    .    (no shield)
rNeg    . . .      Spirit   .    b - +0 robe
rPois   .          Reflect  .    (no helmet)
rElec   .          Harm     .    c - +0 cloak
rCorr   .          Rampage  .    (no gloves)
Will    .....                    (no boots)
Stlth   +++++                    (no amulet)
HPRegen 0.25/turn                (no ring)
MPRegen 0.09/turn                (no ring)

@: lethally poisoned (0 -> -4)
A: small, no large weapons, nightstalker 3
a: no special abilities


You were on level 3 of the Dungeon.
You visited 1 branch of the dungeon, and saw 3 of its levels.

You collected 97 gold pieces.

Inventory:

Hand Weapons
 a - a +2 dagger
 m - a +0 short sword of freezing (weapon)
Missiles
 d - 9 poisoned darts (quivered)
 e - 6 curare-tipped darts
Armour
 b - a +0 robe (worn)
 c - a +0 cloak (worn)
Jewellery
 o - a ring of magical power
 r - a ring of poison resistance
Scrolls
 g - 3 scrolls of fear {unknown}
 j - a scroll of identify {unknown}
 k - 3 scrolls of teleportation {unknown}
 l - a scroll of poison {unknown}
 n - a scroll of noise {unknown}
Potions
 f - a potion of mutation {unknown}
 h - a potion of brilliance {unknown}
 i - a potion of flight {unknown}
 p - a potion of magic {unknown}


   Skills:
 + Level 3.5 Fighting
 + Level 4.3 Short Blades
 - Level 2.1 Throwing
 + Level 3.1 Dodging
 + Level 6.5 Stealth


You had 4 spell levels left.
You didn't know any spells.
Your spell library contained the following spells:

 Spells                   Type           Power      Damage    Failure   Level
 Sandblast                Erth           0%         2d4       32%         1
 Passwall                 Tmut/Erth      0%         N/A       45%         2
 Stone Arrow              Conj/Erth      0%         3d7       69%         3


Dungeon Overview and Level Annotations

Branches:
Dungeon (3/15)

Altars:


Innate Abilities, Weirdness & Mutations

You are small and have problems with some larger weapons.
You are completely attuned to the shadows.


Message History

You are too injured to fight recklessly!
You are too injured to fight recklessly!
You are too injured to fight recklessly!
You are too injured to fight recklessly!
You are too injured to fight recklessly!
You are too injured to fight recklessly!
You hit the scorpion but do no damage.
The scorpion is moderately wounded.
The scorpion barely misses you.
You hit the scorpion. You freeze the scorpion.
The scorpion is moderately wounded.
The scorpion closely misses you.
You barely miss the scorpion.
The scorpion is moderately wounded.
The scorpion closely misses you.
You closely miss the scorpion.
You punch the scorpion, but do no damage.
The scorpion is moderately wounded.
The scorpion barely misses you.
You hit the scorpion. You freeze the scorpion.
The scorpion is heavily wounded.
The scorpion stings you.
You hit the scorpion but do no damage.
The scorpion is heavily wounded.
The scorpion stings you!
* * * LOW HITPOINT WARNING * * *
You hit the scorpion. You freeze the scorpion.
The scorpion is almost dead.
The scorpion stings you.
* * * LOW HITPOINT WARNING * * *
You are lethally poisoned!
The scorpion poisons you!
You hit the scorpion. You freeze the scorpion.
You kill the scorpion!
* * * LOW HITPOINT WARNING * * *
You feel sick.
Your Dodging skill increases to level 3!
Unknown command.
It was a potion of cancellation.
You feel magically purged.
You die...

# .##
######...
#..@....#
..###)###
#.....#
#.###.#
#..)).#
#.###.#.#.
#.....#...#.#
.###)###.# #.#
#........###.#


There were no monsters in sight!

Vanquished Creatures
  A scorpion (D:3)
  An adder (D:2)
  4 gnolls
  2 worms (D:2)
  2 dart slugs (D:2)
  An orc (D:3)
  9 bats
  3 endoplasms
  3 goblins
  2 hobgoblins (D:1)
  6 jackals (D:1)
  5 kobolds
  A quokka (D:1)
  7 ball pythons
  5 rats
52 creatures vanquished.

Notes
Turn   | Place    | Note
-------+----------+-------------------------------------------
     0 | D:1      | cforsyth the Kobold Brigand began the quest for the Orb.
     0 | D:1      | Reached XP level 1. HP: 12/12 MP: 1/1
    20 | D:1      | Found a faded altar of an unknown god.
    41 | D:1      | Reached XP level 2. HP: 8/18 MP: 2/2
   398 | D:1      | Reached XP level 3. HP: 22/22 MP: 3/3
   896 | D:2      | Reached XP level 4. HP: 27/27 MP: 4/4
  1163 | D:2      | Reached skill level 6 in Stealth
  1744 | D:2      | Reached XP level 5. HP: 16/32 MP: 5/5
  1974 | D:3      | Found the +13 scythe of Curses {drain, curses, Drain}
  2036 | D:3      | HP: 1/32 [poisoned by a scorpion]
  2037 | D:3      | Succumbed to a scorpion's poison

Illustrated notes

Levels and vault maps discovered:
D:1:      dpeg_arrival_long_road, layout_basic,
          hellmonk_ecumenical_altar_dog_temple
D:2:      layout_basic, minmay_misc_feat_diagonals,
          chequers_serial_rivers_small_b, grunt_ministairs_13
D:3:      layout_basic, gammafunk_ghost_split, minmay_checkerbox,
          uniq_crazy_yiuf_cottage, uniq_robin, uniq_jessica, uniq_terence,
          uniq_natasha

Skill      XL: |  1  2  3  4  5 |
---------------+----------------+-----
Short Blades   | 3 4 |  4.3
Dodging        | 2 3 |  3.1
Fighting       | 3 |  3.5
Stealth        | 6 |  6.5
Throwing       | |  2.1

Action                     |  1- 3 |  4- 6 || total
---------------------------+-------+-------++-------
  Melee: Dagger            |    55 |       ||    55
         Punch             |     1 |     2 ||     3
         Short sword       |     9 |    93 ||   102
    Use: Potion            |       |     1 ||     1
   Stab: Sleeping          |    17 |     9 ||    26
 Armour: Robe              |    15 |    11 ||    26
  Dodge: Dodged            |    45 |    76 ||   121

Table legend: (Time is in decaauts)
 A = Elapsed time spent in this place.
 B = Non-inter-level travel time spent in this place.
 C = Inter-level travel time spent in this place.
 D = Time resting spent in this place.
 E = Time spent auto-exploring this place.
 F = Levels seen in this place.
 G = Mean time per level.
                   A        B        C        D        E       F      G
               +--------+--------+--------+--------+--------+-----+--------+
         Total |   2013 |   1992 |     21 |    436 |   1188 |   3 |  671.0 |
       Dungeon |   2013 |   1992 |     21 |    436 |   1188 |   3 |  671.0 |
               +--------+--------+--------+--------+--------+-----+--------+

Top non-repeatable levels by time:
     D:1: 1108 daAuts
     D:2: 829 daAuts
     D:3: 75 daAuts
